 Dungeon Crawl Stone Soup version 0.26.1 (webtiles) character file.

Game seed: 10978410895758879696

101 H0rd4k the Charlatan (level 5, -2/38 HPs)
             Began as a Human Artificer on Feb 5, 2021.
             Slain by an orc
             ... wielding a +0 hand axe
              (4 damage)
             ... on level 2 of the Dungeon.
             The game lasted 00:04:12 (3231 turns).

H0rd4k the Charlatan (Human Artificer)              Turns: 3231, Time: 00:04:12

Health: -2/38      AC:  3    Str: 14    XL:     5   Next: 4%
Magic:  5/5        EV: 12    Int: 11    God:
Gold:   42         SH:  0    Dex: 13    Spells: 4/4 levels left

rFire    . . .     SeeInvis .   a - +0 club
rCold    . . .     Faith    .   (no shield)
rNeg     . . .     Spirit   .   b - +0 leather armour
rPois    .         Reflect  .   (no helmet)
rElec    .         Harm     .   (no cloak)
rCorr    .         Rampage  .   (no gloves)
Will     .....                  (no boots)
Stlth    ++........             (no amulet)
HPRegen  0.12/turn              (no ring)
MPRegen  0.09/turn              (no ring)

@: no status effects
A: no striking features
a: no special abilities


You were on level 2 of the Dungeon.
You visited 1 branch of the dungeon, and saw 3 of its levels.

You collected 42 gold pieces.

Inventory:

Hand Weapons
 a - a +0 club (weapon)
Missiles
 f - 8 datura-tipped darts
 r - 11 poisoned darts
Armour
 b - a +0 leather armour (worn)
 n - a +1 pair of gloves of archery
Jewellery
 o - an uncursed ring of flight {unknown}
Wands
 c - a wand of flame (8) (quivered)
 d - a wand of enslavement (7)
 e - a wand of random effects (13)
Scrolls
 h - 2 scrolls of teleportation {unknown}
 i - 2 scrolls of identify {unknown}
 j - a scroll of amnesia {unknown}
 k - a scroll of enchant armour {unknown}
 m - 2 scrolls of immolation {unknown}
 s - a scroll of remove curse {unknown}
Potions
 g - a potion of curing
 l - a potion of haste {unknown}
 p - a potion of magic {unknown}
 q - a potion of lignification {unknown}
 t - 2 potions of invisibility {unknown}
 u - 2 potions of heal wounds {unknown}


   Skills:
 + Level 1.7 Fighting
 - Level 1.0 Maces & Flails
 + Level 3.0 Armour
 + Level 1.9 Dodging
 + Level 1.5 Stealth
 + Level 3.6 Evocations


You had 4 spell levels left.
You didn't know any spells.
Your spell library was empty.

Dungeon Overview and Level Annotations

Branches:
Dungeon (3/15)

Altars:

Annotations:
D:3 2 transporters, Grinder; Robin; kthxbai's ghost, amateur BaWr


Message History

The kobold throws a stone.
The stone hits you but does no damage.
You see here a stone.
The kobold throws a stone.
The stone hits you.
You see here a stone.
The shadow imp shouts, "Escape, thou currish rude-growing giglet!"
The orc shouts!
The orc hits you with a +0 hand axe.
* * * LOW HITPOINT WARNING * * *
There is a stone staircase leading up here.
The orc closely misses you.
You climb upwards.
There is a stone staircase leading down here.
You hit the orc.
The orc is heavily wounded.
The orc hits you with a +0 hand axe.
* * * LOW HITPOINT WARNING * * *
You barely miss the orc.
The orc is heavily wounded.
The orc hits you with a +0 hand axe.
You die...

### ##.# ######## #..# .......###
#.@# ###......## ###.o####
##..#..#..# #.......#
##..#.....####?..##.# ###########
....#..#.[.####....$###..........
)......#......#.##...............
.....#.#..#.#.#.#..S.............
.....#....#.....#................
.....###..#(.....................


You could see an orc.

Vanquished Creatures
  Natasha (D:3)
  An adder (D:2)
  An ooze (D:1)
  A worm (D:2)
  2 dart slugs (D:1)
  6 bats
  A giant cockroach (D:2)
  4 goblins (D:1)
  4 hobgoblins
  3 jackals (D:1)
  6 kobolds (D:1)
  2 frilled lizards
  3 rats (D:1)
35 creatures vanquished.

Vanquished Creatures (collateral kills)
  2 gnolls (D:2)
  A worm (D:2)
  A dart slug (D:3)
  2 orcs (D:3)
  A goblin (D:2)
  A bat (D:2)
  A kobold (D:2)
  2 rats (D:2)
11 creatures vanquished.

Vanquished Creatures (others)
  A gnoll (D:2)
1 creature vanquished.

Grand Total: 47 creatures vanquished

Notes
Turn   | Place    | Note
-------+----------+-------------------------------------------
     0 | D:1      | H0rd4k the Human Artificer began the quest for the Orb.
     0 | D:1      | Reached XP level 1. HP: 15/15 MP: 1/1
   241 | D:1      | Reached XP level 2. HP: 13/21 MP: 2/2
   850 | D:1      | Reached XP level 3. HP: 22/26 MP: 3/3
  1425 | D:1      | Reached skill level 1 in Maces & Flails
  2298 | D:2      | Found a faded altar of an unknown god.
  2358 | D:2      | Noticed a bullfrog
  2384 | D:2      | Reached XP level 4. HP: 16/32 MP: 4/4
  2827 | D:3      | HP: 1/32 [bat (1)]
  3116 | D:3      | Noticed Grinder
  3147 | D:3      | Found a transporter.
  3148 | D:3      | Noticed kthxbai's ghost (amateur BaWr)
  3186 | D:3      | Found a transporter.
  3189 | D:3      | Noticed Robin
  3190 | D:3      | Noticed Natasha
  3209 | D:3      | Killed Natasha
  3210 | D:3      | Reached XP level 5. HP: 12/38 MP: 5/5
  3231 | D:2      | Slain by an orc

Illustrated notes

Levels and vault maps discovered:
D:1:      shiori_arrival_elements, layout_basic
D:2:      layout_rooms, chequers_ecumenical_altar_simple,
          minmay_misc_feat_columns
D:3:      minmay_roachtagon, layout_rooms, gammafunk_ghost_mausoleum,
          uniq_jessica, uniq_grinder, uniq_crazy_yiuf_cottage, uniq_sigmund,
          uniq_robin, uniq_natasha

Skill      XL: |  1  2  3  4 |
---------------+-------------+-----
Maces & Flails | 1 |  1.0
Armour         | 3 |  3.0
Fighting       | |  1.7
Dodging        | |  1.9
Stealth        | |  1.5
Evocations     | |  3.6

Action                   |  1- 3 |  4- 6 || total
-------------------------+-------+-------++-------
Melee: Club              |   169 |    38 ||   207
Evoke: Wand              |     7 |    10 ||    17
  Use: Potion            |       |     2 ||     2
 Stab: Sleeping          |     3 |       ||     3
Armor: Leather armour    |    67 |    18 ||    85
Dodge: Dodged            |   151 |    46 ||   197
